 Dungeon Crawl Stone Soup version 0.31-a0-233-g139696dc86 (webtiles) character file.

Game seed: 6865590343665216861

1221 porpoise the Trooper (level 8, 0/62 HPs)
             Began as a Djinni Conjurer on July 8, 2023.
             Was an Initiate of Hepliaklqana.
             Killed from afar by an orc wizard (6 damage)
             ... with a magic dart
             ... on level 6 of the Dungeon.
             The game lasted 00:19:48 (5110 turns).

porpoise the Trooper (Djinni Conjurer)              Turns: 5110, Time: 00:19:50

Health: 0/62       AC:  3    Str:  6    XL:     8   Next: 75%
Gold:   302        EV: 12    Int: 29    God:    Hepliaklqana [......] SH:  0 Dex: 11

rFire   + + .        a - +1 flail
rCold   x . .        (no shield)
rNeg    + . .        j - +1 robe {rN+}
rPois   ∞            (no helmet)
rElec   .            (no cloak)
rCorr   .            (no gloves)
SInv    .            (boots unavailable)
Will    .....        (no amulet)
Stlth   ++           f - +6 ring of intelligence
HPRegen 0.30/turn    (no ring)
MPRegen 0.00/turn

%: infuse magic (-1 HP)
@: flying
A: sickness immunity, fire resistance 2, cold vulnerability 1, float, innate
caster, HP casting, extra vitality 1
a: Renounce Religion


You were on level 6 of the Dungeon.
You worshipped Hepliaklqana.
Hepliaklqana was noncommittal.
You visited 2 branches of the dungeon, and saw 7 of its levels.

You collected 302 gold pieces.

Inventory:

Hand Weapons
 a - a +1 flail (weapon)
Missiles
 m - 6 poisoned darts
 p - 2 throwing nets
 v - 6 curare-tipped darts
Armour
 j - a +1 robe of positive energy (worn)
Jewellery
 f - a +6 ring of intelligence (left hand)
Wands
 u - a wand of mindburst (7)
Scrolls
 b - a scroll of enchant weapon
 c - a scroll of poison {unknown}
 d - 4 scrolls of vulnerability
 h - a scroll of revelation {unknown}
 i - a scroll of noise
 n - 2 scrolls of fog {unknown}
 q - a scroll of immolation {unknown}
 t - a scroll of silence
 y - a scroll of enchant armour {unknown}
Potions
 e - a potion of enlightenment
 g - 2 potions of lignification
 k - a potion of brilliance
 l - 2 potions of resistance
 o - a potion of berserk rage
 r - 3 potions of heal wounds
 s - 2 potions of mutation
 w - a potion of ambrosia {unknown}
 x - a potion of attraction {unknown}


   Skills:
 * Level 6.7 Fighting
 - Level 2.1 Dodging
 - Level 1.5 Stealth
 * Level 6.1 Spellcasting
 * Level 6.1 Conjurations
 * Level 6.1 Hexes
   Level 0.0 Charms
 * Level 6.1 Summonings
 * Level 6.1 Necromancy
 * Level 6.1 Translocations
 * Level 6.1 Transmutations
 * Level 6.1 Fire Magic
 * Level 6.1 Ice Magic
 * Level 6.1 Air Magic
 * Level 6.1 Earth Magic
 * Level 6.1 Poison Magic
 + Level 2.0 Invocations


You knew the following spells:

 Your Spells              Type           Power      Damage    Failure   Level
a - Magic Dart            Conj           100%       1d8       1%          1
b - Searing Ray           Conj           88%        2d7       1%          2
c - Dazzling Flash        Conj/Hex       88%        N/A       1%          3
d - Fulminant Prism       Conj/Hex       22%        3d12      4%          4
e - Iskenderun's Mystic   Conj/Tloc      44%        2d10      4%          4
k - Kiss of Death         Conj/Necr      100%       2d13      1%          1
n - Lesser Beckoning      Tloc           88%        N/A       1%          2
v - Vampiric Draining     Necr           44%        2d9       1%          3
Your spell library was empty.

Dungeon Overview and Level Annotations

Branches:
Dungeon (6/15)             Temple (1/1) D:4

Altars:
Ashenzari
Cheibriados
Dithmenos
Gozag
Hepliaklqana
Makhleb
Okawaru
Qazlal
Ru
Trog
Uskayaw
Wu Jian
Xom
Yredelemnul
Zin
The Shining One

Shops:
D:4 (


Innate Abilities, Weirdness & Mutations

You are immune to sickness and miasma.
You are immune to poison.
Your flesh is very heat resistant. (rF++)
You are vulnerable to cold. (rC-)
You float through the air rather than walking.
You learn spells naturally, not from books.
Your magical power is your life essence.
You have superior vitality. (+4 MHP)


Message History

The orc wizard hits you but does no damage.
The searing ray hits the orc wizard.
You kill the orc wizard!
The searing ray hits the orc warrior but does no damage.
You finish channelling your searing ray.
Casting: Searing Ray (safe; 1% risk of failure)
Confirm with . or Enter, or press ? or * to list all spells.
Aiming: Searing Ray (safe; 1% risk of failure)
Press: ? - help, Shift-Dir - straight line, f - orc warrior
Aim: an orc warrior, wielding a +0 mace and wearing a +0 plate armour (82% to hit)
The searing ray hits the orc warrior!
The orc warrior is moderately wounded. (Press . to maintain the ray.)
The orc warrior hits you with a +0 mace!
The searing ray hits the orc warrior.
The orc warrior is moderately wounded.
The orc warrior hits you with a +0 mace!
The searing ray hits the orc warrior.
The orc warrior is moderately wounded.
The orc warrior hits you with a +0 mace.
The searing ray hits the orc warrior.
The orc warrior is heavily wounded.
You finish channelling your searing ray.
The orc warrior hits you with a +0 mace!
* * * LOW HITPOINT WARNING * * *
Casting: Searing Ray (safe; 1% risk of failure)
Confirm with . or Enter, or press ? or * to list all spells.
You erupt in a blast of force!
The mystic blast hits the orc warrior!
The orc warrior is almost dead.
The orc warrior is knocked back by the mystic blast.
* * * LOW HITPOINT WARNING * * *
An orc wizard comes into view. It is wielding a +0 dagger.
Casting: Iskenderun's Mystic Blast (dangerous; 4% risk of failure)
Confirm with . or Enter, or press ? or * to list all spells.
You erupt in a blast of force!
The mystic blast hits the orc warrior!
You kill the orc warrior!
* * * LOW HITPOINT WARNING * * *
The orc wizard gestures at you while chanting.
The magic dart hits you.
You die...

#### ## #
####..######.#
######......).))@.#
...........o#####.#
###########...# .#
###o.# .# #..#..
#.### o.. .#


You could see an orc wizard.

Vanquished Creatures
  Sigmund (D:2)
  A black bear (D:3)
  An orc warrior (D:6)
  A centaur (D:6)
  An ogre (D:6)
  3 phantoms
  A scorpion (D:5)
  A hound (D:4)
  A jelly (D:5)
  2 iguanas (D:5)
  Jessica (D:3)
  Terence (D:2)
  2 orc wizards
  Natasha (twice) (D:2)
  11 gnolls
  6 adders
  A white imp (D:6)
  An ufetubus (D:5)
  4 worms
  A dart slug (D:2)
  7 orcs
  8 endoplasms
  A giant cockroach (D:2)
  6 goblins
  6 hobgoblins
  10 jackals
  4 ball pythons
  4 bats
  3 frilled lizards
  7 kobolds
  6 rats
105 creatures vanquished.

Vanquished Creatures (others)
  2 fulminant prisms (D:5)
2 creatures vanquished.

Grand Total: 107 creatures vanquished

Notes
Turn   | Place    | Note
-------+----------+-------------------------------------------
     0 | D:1      | porpoise the Djinni Conjurer began the quest for the Orb.
     0 | D:1      | porpoise set off with the following spells memorised: Magic
                  | Dart, Searing Ray, Dazzling Flash, Fulminant Prism,
                  | Iskenderun's Mystic Blast.
     0 | D:1      | Reached XP level 1. HP: 15/15 MP: 0/0
   203 | D:1      | Reached XP level 2. HP: 20/22 MP: 0/0
   244 | D:1      | Reached skill level 1 in Fighting
   729 | D:1      | Found a faded altar of an unknown god.
   830 | D:1      | Reached XP level 3. HP: 24/27 MP: 0/0
   830 | D:1      | Learned a level 1 spell: Kiss of Death
   926 | D:2      | Noticed Terence
   929 | D:2      | Noticed Sigmund
   931 | D:2      | Killed Terence
  1077 | D:2      | Reached XP level 4. HP: 33/33 MP: 0/0
  1240 | D:2      | Killed Sigmund
  1241 | D:2      | Reached XP level 5. HP: 31/41 MP: 0/0
  1241 | D:2      | Learned a level 2 spell: Lesser Beckoning
  1241 | D:2      | Reached XP level 6. HP: 36/47 MP: 0/0
  1559 | D:2      | Noticed Natasha
  1570 | D:2      | Killed Natasha
  2015 | D:2      | Noticed Natasha
  2021 | D:2      | Killed Natasha
  2155 | D:3      | You are sucked into a shaft and drop 2 floors!
  2155 | D:5      | Entered Level 5 of the Dungeon
  2226 | D:4      | Reached XP level 7. HP: 47/53 MP: 0/0
  2226 | D:4      | Learned a level 3 spell: Vampiric Draining
  2508 | D:3      | Reached skill level 5 in Spellcasting
  2508 | D:3      | Reached skill level 5 in Conjurations
  2508 | D:3      | Reached skill level 5 in Hexes
  2508 | D:3      | Reached skill level 5 in Summonings
  2508 | D:3      | Reached skill level 5 in Necromancy
  2508 | D:3      | Reached skill level 5 in Translocations
  2508 | D:3      | Reached skill level 5 in Transmutations
  2508 | D:3      | Reached skill level 5 in Fire Magic
  2508 | D:3      | Reached skill level 5 in Ice Magic
  2508 | D:3      | Reached skill level 5 in Air Magic
  2508 | D:3      | Reached skill level 5 in Earth Magic
  2508 | D:3      | Reached skill level 5 in Poison Magic
  2708 | D:3      | Found a snail-covered altar of Cheibriados.
  2775 | D:3      | Reached skill level 5 in Fighting
  3052 | D:3      | Found a hide-covered altar of Uskayaw.
  3135 | D:3      | Noticed Jessica
  3139 | D:3      | Killed Jessica
  3573 | D:4      | Found a staircase to the Ecumenical Temple.
  3599 | Temple   | Entered the Ecumenical Temple
  3823 | D:4      | Reached XP level 8. HP: 43/60 MP: 0/0
  4036 | D:4      | Found Xobatz's Weapon Boutique.
  4119 | D:5      | Found a shadowy altar of Dithmenos.
  4120 | D:5      | Found a burning altar of Makhleb.
  4121 | D:5      | Found an ornate altar of the Wu Jian Council.
  4122 | D:5      | Found a hazy altar of Hepliaklqana.
  4128 | D:5      | Became a worshipper of Hepliaklqana the Forgotten
  4246 | D:5      | Found a basalt altar of Yredelemnul.
  4431 | D:5      | Reached skill level 1 in Invocations
  5110 | D:6      | Killed from afar by an orc wizard

Illustrated notes

Levels and vault maps discovered:
D:1:      minmay_arrival_cross, layout_basic,
          dreamdust_ecumenical_altar_angels_and_demons
D:2:      layout_basic, uniq_natasha, uniq_terence, uniq_sigmund
D:3:      layout_loops_corners, nicolae_overflow_hidden_temple, slow_altar_1,
          st_stairs_1, uniq_jessica
D:4:      layout_rooms, minmay_temple_entry_mini_moons, serial_shops, shop,
          grunt_decor_junction, minmay_misc_feat_columns,
          hangedman_abyss_or_decor_slice, kennysheep_small_square
D:5:      layout_rooms, mainiacjoe_overflow_brackets, minitemple
D:6:      layout_basic, nemelex_dance_club_becter, minmay_large_rounded_square
Temple:   nicolae_temple_bog_church

Skill      XL: |  1  2  3  4  5  6  7  8 |
---------------+-------------------------+-----
Fighting       | 1 2 3 4 5 6 |  6.7
Spellcasting   | 4 5 6 |  6.1
Conjurations   | 4 5 6 |  6.1
Hexes          | 4 5 6 |  6.1
Summonings     | 4 5 6 |  6.1
Necromancy     | 4 5 6 |  6.1
Translocations | 4 5 6 |  6.1
Transmutations | 4 5 6 |  6.1
Fire Magic     | 4 5 6 |  6.1
Ice Magic      | 4 5 6 |  6.1
Air Magic      | 4 5 6 |  6.1
Earth Magic    | 4 5 6 |  6.1
Poison Magic   | 4 5 6 |  6.1
Invocations    | 2 |  2.0
Dodging        | |  2.1
Stealth        | |  1.5

Action                     |  1- 3 |  4- 6 |  7- 9 || total
---------------------------+-------+-------+-------++-------
  Melee: Whip              |     5 |       |       ||     5
         Flail             |       |       |     7 ||     7
   Cast: Magic Dart        |    26 |    11 |     1 ||    38
         Searing Ray       |     5 |    28 |    46 ||    79
         Vampiric Draining |       |       |     3 ||     3
         Iskenderun's Myst |       |       |     4 ||     4
         Fulminant Prism   |       |       |     2 ||     2
    Use: Scroll            |       |     5 |     6 ||    11
 Armour: Robe              |     2 |     2 |    14 ||    18
  Dodge: Dodged            |     7 |    11 |    29 ||    47

Table legend: (Time is in decaauts)
 A = Elapsed time spent in this place.
 B = Non-inter-level travel time spent in this place.
 C = Inter-level travel time spent in this place.
 D = Time resting spent in this place.
 E = Time spent auto-exploring this place.
 F = Levels seen in this place.
 G = Mean time per level.
                   A        B        C        D        E       F      G
               +--------+--------+--------+--------+--------+-----+--------+
         Total |   5111 |   4943 |    168 |   1389 |   2885 |   7 |  730.1 |
       Dungeon |   4962 |   4820 |    142 |   1389 |   2772 |   6 |  827.0 |
        Temple |    148 |    122 |     26 |      0 |    113 |   1 |  148.0 |
               +--------+--------+--------+--------+--------+-----+--------+

Top non-repeatable levels by time:
     D:3: 1192 daAuts
     D:1: 1106 daAuts
     D:2: 952 daAuts
     D:5: 772 daAuts
     D:4: 657 daAuts
     D:6: 281 daAuts
  Temple: 148 daAuts
